 Dungeon Crawl Stone Soup version 0.21.1-1-g345015fe64 (webtiles) character file.

3360 JOKERXD40 the Cleaver (level 9, 0/82 HPs)
             Began as a Minotaur Berserker on July 5, 2018.
             Was a High Priest of Trog.
             Slain by an orc warrior
             ... wielding a +0 halberd
              (10 damage)
             ... on level 8 of the Dungeon.
             The game lasted 00:15:36 (6859 turns).

JOKERXD40 the Cleaver (Minotaur Berserker)          Turns: 6859, Time: 00:15:36

Health: 0/82       AC: 13    Str: 26    XL:     9   Next: 73%
Magic:  8/8        EV:  9    Int:  4    God:    Trog [*****.]
Gold:   277        SH:  0    Dex:  9    Spells: 8/8 levels left

rFire    . . .     SeeInvis .   u - +0 war axe
rCold    . . .     Gourm    .   (no shield)
rNeg     . . .     Faith    .   q - +0 plate armour
rPois    .         Spirit   .   (helmet restricted)
rElec    .         Reflect  .   r - scarf {repulsion}
rCorr    .         Harm     .   (no gloves)
MR       .....                  (no boots)
Stlth    ..........             (no amulet)
HPRegen  0.23/turn              e - ring of stealth
MPRegen  0.11/turn              (no ring)

@: berserk cooldown, repel missiles
A: retaliatory headbutt, horns 2
a: Berserk, Trog's Hand, Brothers in Arms, Burn Spellbooks, Renounce Religion


You were on level 8 of the Dungeon.
You worshipped Trog.
Trog was extremely pleased with you.
You were near starving.

You visited 1 branch of the dungeon, and saw 8 of its levels.
You also visited: Sewer.

You collected 427 gold pieces.
You spent 150 gold pieces at shops.

Inventory:

Hand Weapons
 u - a +0 war axe (weapon)
Missiles
 A - 2 tomahawks (quivered)
Armour
 q - a +0 plate armour (worn)
 r - a scarf of repulsion (worn)
Jewellery
 e - a ring of stealth (left hand)
Wands
 i - a wand of iceblast (11)
 z - a wand of disintegration (22)
 B - a wand of acid (7)
Scrolls
 b - 4 scrolls of remove curse
 f - 4 scrolls of identify
 g - 2 scrolls of teleportation {unknown}
 h - 2 scrolls of amnesia {unknown}
 k - a scroll of fear
 o - 2 scrolls of enchant weapon {unknown}
 s - 2 scrolls of enchant armour {unknown}
 y - a scroll of blinking {unknown}
 C - a scroll of random uselessness {unknown}
 E - a scroll of immolation {unknown}
Potions
 a - a potion of magic {unknown}
 d - a potion of resistance {unknown}
 j - 4 potions of curing
 l - 2 potions of ambrosia
 m - a potion of might {unknown}
 n - 4 potions of heal wounds
 p - 2 potions of flight
 t - a potion of cancellation {unknown}
 v - 2 potions of mutation {unknown}
 w - a potion of lignification {unknown}
 F - a potion of agility {unknown}
 G - 3 potions of brilliance {unknown}
Books
 I - a book of Cantrips

   Spells                             Type                      Level
   a - Confusing Touch                Hexes                        1
   b - Animate Skeleton               Necromancy                   1
   c - Summon Small Mammal            Summoning                    1
   d - Apportation                    Translocation                1
   Trog disapproves of the use of such an item.
Comestibles
 c - 5 rations


   Skills:
 + Level 8.3 Fighting
 + Level 10.7 Axes
 + Level 8.6 Armour
 + Level 4.8 Dodging
 + Level 3.6 Stealth


You had 8 spell levels left.
You didn't know any spells.

Dungeon Overview and Level Annotations

Branches:
Dungeon (8/15)             Temple (0/1) D:4
   Lair: D:8-11

Altars:
Elyvilon
Kikubaaqudgha
Okawaru
Ru
Trog
Uskayaw

Shops:
D:5 !=   D:7 }


Innate Abilities, Weirdness & Mutations

You reflexively headbutt those who attack you in melee.
You have a pair of horns on your head.


Message History

You are lethally poisoned!
The killer bee poisons you! The killer bee barely misses you.
You furiously retaliate!
You headbutt the killer bee.
You kill the killer bee!
Trog accepts your kill.
A two-headed ogre comes into view. It is wielding two giant clubs.
You feel better.
The two-headed ogre shouts in stereo!
Cornered, the orc warrior turns to fight!
The crimson imp blinks!
Items here: †††† a killer bee corpse x4
You see here a killer bee corpse.
The two-headed ogre barely misses you.
The two-headed ogre hits you with a giant club!
* * * LOW HITPOINT WARNING * * *
There is a stone staircase leading up here.
You feel yourself speed up.
The orc warrior hits you from afar with a halberd!
You die...

.... .#.# .
#..#....# #.
#..#....# #%
#....... #.
##..#..#
#.#......####
##....#.....#
###..†...#..#.#.#
......†..oO@.....#.
###......†.$.......
#.o..#....###....
#....#.##.# ##.
#....#.##.#
#..........
#...#..###.. #..
.... ..> .# ...


You could see a two-headed ogre, an orc warrior and an orc (wandering).

Vanquished Creatures
  A queen bee (D:8)
  Grinder (D:5)
  A hungry ghost (D:7)
  Edmund (D:4)
  Purgy (D:3)
  An ice beast (D:7)
  3 orc warriors (D:7)
  4 ogres
  A centaur (D:5)
  A big kobold (Sewer)
  3 bullfrogs
  4 scorpions
  9 killer bees (D:8)
  2 howler monkeys
  2 crimson imps
  6 orc wizards
  3 centaur skeletons
  3 orc priests
  A hound (D:5)
  An iguana (D:7)
  3 worker ants
  3 hound skeletons
  Robin (D:2)
  A river rat (Sewer)
  8 adders
  3 shadow imps
  3 oozes
  3 worms
  6 dart slugs
  5 leopard geckos
  24 orcs
  4 ball pythons
  4 giant cockroaches
  15 goblins
  7 hobgoblins
  6 jackals
  11 kobolds
  2 quokkas
  8 bats
  4 frilled lizards
  A leopard gecko skeleton (D:6)
  2 quokka skeletons
  10 rats
183 creatures vanquished.

Vanquished Creatures (others)
  A goblin (D:2)
1 creature vanquished.

Grand Total: 184 creatures vanquished

Notes
Turn   | Place    | Note
-------+----------+-------------------------------------------
     0 | D:1      | JOKERXD40 the Minotaur Berserker began the quest for the Orb.
     0 | D:1      | Reached XP level 1. HP: 19/19 MP: 0/0
   121 | D:1      | Reached XP level 2. HP: 27/27 MP: 1/1
   221 | D:1      | Reached skill level 4 in Axes
   430 | D:1      | Reached XP level 3. HP: 33/33 MP: 2/2
   558 | D:1      | Reached ** piety under Trog
   931 | D:2      | Noticed Robin
   955 | D:2      | Killed Robin
   955 | D:2      | Reached XP level 4. HP: 40/41 MP: 3/3
   985 | D:2      | Found an iron altar of Okawaru.
  1208 | D:2      | Found a bloodstained altar of Trog.
  1209 | D:2      | Found a white marble altar of Elyvilon.
  1289 | D:3      | Found a glowing drain.
  1305 | Sewer    | Entered a sewer
  1313 | Sewer    | Reached *** piety under Trog
  1360 | Sewer    | Noticed a big kobold
  1367 | Sewer    | Reached skill level 5 in Axes
  1375 | Sewer    | Killed a big kobold
  1375 | Sewer    | Reached XP level 5. HP: 17/47 MP: 4/4
  1380 | Sewer    | HP: 2/47 [poisoned by a kobold]
  1720 | Sewer    | Found a white marble altar of Elyvilon.
  2563 | D:3      | Noticed Purgy
  2577 | D:3      | Killed Purgy
  2577 | D:3      | Reached skill level 5 in Fighting
  2577 | D:3      | Reached skill level 6 in Axes
  2577 | D:3      | Reached XP level 6. HP: 39/56 MP: 5/5
  3019 | D:4      | Found a hide-covered altar of Uskayaw.
  3045 | D:4      | Reached skill level 1 in Stealth
  3408 | D:4      | Found a staircase to the Ecumenical Temple.
  3591 | D:4      | Noticed Edmund
  3602 | D:4      | Killed Edmund
  3602 | D:4      | Reached skill level 5 in Armour
  3602 | D:4      | Reached XP level 7. HP: 61/61 MP: 6/6
  4153 | D:5      | Entered Level 5 of the Dungeon
  4231 | D:5      | Noticed Grinder
  4237 | D:5      | Killed Grinder
  4237 | D:5      | Reached skill level 7 in Axes
  4308 | D:5      | Reached XP level 8. HP: 51/70 MP: 7/7
  4413 | D:5      | Found Sadynuc's Jewellery Boutique.
  4442 | D:5      | Reached **** piety under Trog
  4633 | D:5      | Reached skill level 8 in Axes
  4661 | D:5      | HP: 3/70 [poisoned by a scorpion]
  4667 | D:5      | HP: 3/70 [poisoned by a scorpion]
  4675 | D:5      | HP: 2/70 [poisoned by a scorpion]
  5050 | D:5      | Found Ythuprin's Distillery.
  5058 | D:5      | Bought a potion of heal wounds for 75 gold pieces
  5058 | D:5      | Bought a potion of heal wounds for 75 gold pieces
  5750 | D:6      | Found a sacrificial altar of Ru.
  5781 | D:6      | Found an ancient bone altar of Kikubaaqudgha.
  5919 | D:6      | Reached skill level 9 in Axes
  6256 | D:7      | Found Zorhiuru's Gadget Boutique.
  6264 | D:7      | Reached XP level 9. HP: 73/78 MP: 8/8
  6542 | D:7      | Reached skill level 10 in Axes
  6829 | D:8      | Reached ***** piety under Trog
  6839 | D:8      | Noticed a queen bee
  6849 | D:8      | Killed a queen bee
  6853 | D:8      | Noticed a two-headed ogre
  6859 | D:8      | Slain by an orc warrior

Skill      XL: |  1  2  3  4  5  6  7  8  9 |
---------------+----------------------------+-----
Axes           | 4 5 6 7 9 10 | 10.7
Fighting       | 4 5 6 8 |  8.3
Armour         | 3 4 5 6 7 8 |  8.6
Dodging        | 3 4 |  4.8
Stealth        | 1 2 3 |  3.6

Action                   |  1- 3 |  4- 6 |  7- 9 || total
-------------------------+-------+-------+-------++-------
Melee: Hand axe          |    81 |   108 |       ||   189
       Headbutt          |    18 |    21 |    36 ||    75
       War axe           |       |    16 |   254 ||   270
Invok: Berserk           |     1 |     4 |     6 ||    11
       Burn Spellbooks   |       |       |     1 ||     1
  Use: Potion            |       |     3 |     3 ||     6
       Scroll            |       |       |     5 ||     5
 Stab: Sleeping          |     2 |     1 |     3 ||     6
       Invisible         |       |       |     4 ||     4
  Eat: Chunk             |       |     8 |    12 ||    20
       Ration            |       |     1 |     2 ||     3
Armor: Animal skin       |    11 |       |       ||    11
       Ring mail         |    16 |    35 |    24 ||    75
       Chain mail        |       |       |    56 ||    56
       Plate armour      |       |       |    41 ||    41
Dodge: Dodged            |    64 |   113 |   126 ||   303
       Deflected         |       |       |     3 ||     3
